 Dungeon Crawl Stone Soup version 0.27-a0-901-g8736458 (webtiles) character file.

Game seed: 17342236566625448202

151 Nithhogg the Skirmisher (level 5, -1/42 HPs)
             Began as a Demonspawn Fighter on Apr 5, 2021.
             Succumbed to an orc's poison
             ... on level 2 of the Dungeon.
             The game lasted 00:03:51 (3456 turns).

Nithhogg the Skirmisher (Demonspawn Fighter)        Turns: 3456, Time: 00:03:51

Health: -1/42      AC:  7    Str: 17    XL:     5   Next: 11%
Magic:  7/7        EV:  7    Int: 17    God:
Gold:   75         SH:  8    Dex: 13    Spells: 4/4 levels left

rFire    + . .     SeeInvis .   a - +0 long sword
rCold    . . .     Faith    .   c - +0 kite shield
rNeg     . . .     Spirit   .   b - +0 scale mail
rPois    +         Reflect  .   (no helmet)
rElec    .         Harm     .   (no cloak)
rCorr    .         Rampage  .   (no gloves)
Will     .....                  (no boots)
Stlth    ..........             (no amulet)
HPRegen  0.14/turn              g - ring of protection from fire
MPRegen  0.10/turn              f - +6 ring of intelligence

@: lethally poisoned (-1 -> -13)
A: foul stench 1, sharp scales 1, clever 1, poison resistance
a: no special abilities


You were on level 2 of the Dungeon.
You visited 1 branch of the dungeon, and saw 3 of its levels.

You collected 75 gold pieces.

Inventory:

Hand Weapons
 a - a +0 long sword (weapon)
Armour
 b - a +0 scale mail (worn)
 c - a +0 kite shield (worn)
Jewellery
 f - a +6 ring of intelligence (right hand)
 g - a ring of protection from fire (left hand)
Potions
 k - a potion of resistance {unknown}


   Skills:
 + Level 3.7 Fighting
 + Level 2.6 Long Blades
 + Level 3.3 Armour
 + Level 1.7 Dodging
 - Level 2.6 Shields
 + Level 2.7 Invocations


You had 4 spell levels left.
You didn't know any spells.
Your spell library was empty.

Dungeon Overview and Level Annotations

Branches:
Dungeon (3/15)

Altars:

Shops:
D:2 !


Innate Abilities, Weirdness & Mutations

You may rarely emit foul miasma when damaged in melee.
You are partially covered in razor-sharp scales. (AC +1, Slay +1)
Your mind is acute. (Int +2)
Your system is resistant to poisons. (rPois)


Message History

Something hits you.
You emit a cloud of foul miasma!
The orc hits you with a +1 whip of venom.
You are more poisoned.
You feel very sick. Something hits you. You block the orc's attack.
You climb upwards.
Reactivating autopickup.
You feel very sick.
There is a stone staircase leading down here.
You barely miss the orc.
You feel very sick.
You hear some strange, mumbled words.
A puff of flame appears from out of thin air!
Deactivating autopickup; reactivate with Ctrl-A.
The puff of flame hits you but does no damage.
The orc hits you with a +1 whip of venom.
Something hits you but does no damage.
You barely miss the orc.
You feel sick. The orc hits you but does no damage.
Something hits you but does no damage.
The orc hits you with a +1 whip of venom.
You are lethally poisoned!
You hear some strange, mumbled words.
A magic dart appears from out of thin air!
The magic dart hits you!
* * * LOW HITPOINT WARNING * * *
As you read the scroll of fear, it crumbles to dust.
You assume a fearsome visage.
The orc looks frightened!
* * * LOW HITPOINT WARNING * * *
You feel very sick.
As you read the scroll labelled RIXKIR ZOPNEDESA, it crumbles to dust.
The creatures around you are filled with an inner flame!
It was a scroll of immolation.
* * * LOW HITPOINT WARNING * * *
You feel very sick.
As you read the scroll labelled ORAKICAENAL, it crumbles to dust.
It is a scroll of identify.
Really abort (and waste the scroll)? [Y]es or [N]o only, please.
Really abort (and waste the scroll)?
Okay, then.
You die...

#.........##.......##
##...
######)######.....##
##.. #.# ##...## #.. #.#
##+## #.# #.########.#
#.# #..........# #.#
##..######..## #.#
#...######...## #.#
#.#.{..@#.....# #.#
#...###.......# #.#
###.######o.#.########.#
#........##..........#
######################


You could see an orc (inner flame, fleeing).

Vanquished Creatures
  Crazy Yiuf (D:2)
  6 adders (D:2)
  A worm (D:2)
  A dart slug (D:1)
  3 orcs
  5 endoplasms
  A giant cockroach (D:2)
  2 goblins
  8 hobgoblins
  7 jackals (D:2)
  5 kobolds
  2 quokkas (D:1)
  6 ball pythons
  2 frilled lizards
  7 rats
57 creatures vanquished.

Notes
Turn   | Place    | Note
-------+----------+-------------------------------------------
     0 | D:1      | Nithhogg the Demonspawn Fighter began the quest for the
                  | Orb.
     0 | D:1      | Reached XP level 1. HP: 18/18 MP: 1/1
   294 | D:1      | Gained mutation: You are partially covered in razor-sharp
                  | scales. (AC +1, Slay +1) [demonic ancestry]
   294 | D:1      | Reached XP level 2. HP: 17/24 MP: 2/2
   297 | D:1      | Reached skill level 1 in Invocations
   917 | D:1      | Found a faded altar of an unknown god.
  1356 | D:2      | Reached XP level 3. HP: 21/29 MP: 4/4
  1598 | D:2      | Reached skill level 1 in Dodging
  1966 | D:2      | Reached XP level 4. HP: 31/35 MP: 5/5
  2065 | D:2      | Found Junadaje's Distillery.
  3035 | D:2      | Found a runed translucent door.
  3036 | D:2      | Noticed Crazy Yiuf
  3044 | D:2      | Gained mutation: Your mind is acute. (Int +2) [potion of
                  | mutation]
  3044 | D:2      | Gained mutation: Your system is resistant to poisons.
                  | (rPois) [potion of mutation]
  3045 | D:2      | Killed Crazy Yiuf
  3343 | D:2      | Gained mutation: You may rarely emit foul miasma when
                  | damaged in melee. [demonic ancestry]
  3343 | D:2      | Reached XP level 5. HP: 39/42 MP: 5/7
  3455 | D:2      | HP: 2/42 [poisoned by an orc]
  3456 | D:2      | Succumbed to an orc's poison

Illustrated notes

Levels and vault maps discovered:
D:1:      ncdulo_smallfort, layout_loops_corners, ebering_ecumenical_altar_rust,
          chequers_serial_rivers_large_b
D:2:      layout_loops_corners, serial_shops, nicolae_shop_behind_doors,
          uniq_crazy_yiuf_cottage
D:3:      layout_basic, grunt_dithmenos_smoke_and_mirrors,
          chequers_temple_overflow_minitemple, minmay_between

Skill      XL: |  1  2  3 |
---------------+----------+-----
Invocations    | 1 2 |  2.7
Long Blades    | 2 |  2.6
Armour         | 3 |  3.3
Dodging        | 1 |  1.7
Fighting       | |  3.7
Shields        | |  2.6

Action                   |  1- 3 |  4- 6 || total
-------------------------+-------+-------++-------
Melee: Long sword        |   106 |    65 ||   171
  Use: Scroll            |     3 |     4 ||     7
       Potion            |       |     3 ||     3
Armor: Scale mail        |    47 |    36 ||    83
Dodge: Dodged            |    41 |    23 ||    64
Block: Kite shield       |    59 |    28 ||    87
       Rpst.: Long sword |    17 |     6 ||    23

Table legend: (Time is in decaauts)
 A = Elapsed time spent in this place.
 B = Non-inter-level travel time spent in this place.
 C = Inter-level travel time spent in this place.
 D = Time resting spent in this place.
 E = Time spent auto-exploring this place.
 F = Levels seen in this place.
 G = Mean time per level.
                   A        B        C        D        E       F      G
               +--------+--------+--------+--------+--------+-----+--------+
         Total |   3578 |   3485 |     93 |    541 |   2470 |   3 | 1192.7 |
       Dungeon |   3578 |   3485 |     93 |    541 |   2470 |   3 | 1192.7 |
               +--------+--------+--------+--------+--------+-----+--------+

Top non-repeatable levels by time:
     D:2: 2132 daAuts
     D:1: 1352 daAuts
     D:3: 93 daAuts
